 Dungeon Crawl Stone Soup version 0.24.1-14-gf8d2b509d9 (webtiles) character file.

Game seed: 15056698748114168976, levelgen mode: deterministic

907 Mrkan the Grappler (level 7, 0/66 HPs)
             Began as a Troll Monk on May 21, 2020.
             Slain by an orc
             ... wielding a +0 dagger
              (6 damage)
             ... on level 6 of the Dungeon.
             The game lasted 00:05:31 (3505 turns).

Mrkan the Grappler (Troll Monk)                     Turns: 3505, Time: 00:05:31

Health: 0/66       AC:  6    Str: 21    XL:     7   Next: 81%
Magic:  6/6        EV: 10    Int:  6    God:
Gold:   199        SH:  0    Dex: 13    Spells: 6/6 levels left

rFire    . . .     SeeInvis .     - Unarmed
rCold    . . .     Gourm    +   (no shield)
rNeg     . . .     Faith    .   a - +0 robe
rPois    .         Spirit   .   (helmet restricted)
rElec    .         Reflect  .   (no cloak)
rCorr    .         Harm     .   (gloves unavailable)
MR       .....                  (boots unavailable)
Stlth    ++........             (no amulet)
HPRegen  0.61/turn              (no ring)
MPRegen  0.10/turn              (no ring)

@: lethally poisoned (0 -> -1)
A: large, unfitting armour, claws 3, fast metabolism 3, gourmand, regeneration
1, shaggy fur 1, tough skin 3
a: no special abilities


You were on level 6 of the Dungeon.
You were not hungry.

You visited 1 branch of the dungeon, and saw 6 of its levels.

You collected 199 gold pieces.

Inventory:

Armour
 a - a +0 robe (worn)
Jewellery
 d - an uncursed ring of fire {unknown}
 h - an uncursed ring of flight {unknown}
 x - an uncursed ring of magical power {unknown}
Wands
 y - a wand of iceblast (14)
Scrolls
 c - a scroll of magic mapping {unknown}
 e - 4 scrolls of identify {unknown}
 f - 3 scrolls of remove curse {unknown}
 g - a scroll of noise {unknown}
 l - a scroll of blinking {unknown}
 n - 2 scrolls of enchant armour {unknown}
 p - 2 scrolls of fear {unknown}
 q - 2 scrolls of teleportation {unknown}
 r - a scroll of random uselessness {unknown}
 v - a scroll of fog {unknown}
Potions
 i - 2 potions of curing {unknown}
 j - a potion of flight {unknown}
 k - 2 potions of lignification {unknown}
 m - a potion of degeneration {unknown}
 o - a potion of mutation {unknown}
 s - 3 potions of brilliance {unknown}
 t - a potion of heal wounds {unknown}
 u - a potion of agility {unknown}
 w - a potion of might {unknown}
Comestibles
 b - 10 rations


   Skills:
 - Level 2.4 Fighting
 - Level 2.4 Dodging
 - Level 1.0 Stealth
 * Level 9.5 Unarmed Combat


You had 6 spell levels left.
You didn't know any spells.
Your spell library was empty.

Dungeon Overview and Level Annotations

Branches:
Dungeon (6/15)
 Temple: D:4-7

Altars:
Vehumet


Innate Abilities, Weirdness & Mutations

You are too large for most types of armour.
You have claws for hands.
Your metabolism is lightning-fast.
You like to eat raw meat.
Your natural rate of healing is unusually fast.
You are covered in fur. (AC +1)
You have extremely tough skin. (AC +3)


Message History

The orc warrior is moderately wounded.
The orc barely misses you. The orc warrior barely misses you.
You claw the orc warrior!
The orc warrior is severely wounded.
The orc hits you but does no damage.
The orc warrior hits you with a +0 war axe!
* * * LOW HITPOINT WARNING * * *
You scratch the orc warrior but do no damage.
The orc warrior is severely wounded.
You feel sick. The orc completely misses you.
You closely miss the orc warrior.
The orc warrior is severely wounded.
The orc warrior misses you.
You barely miss the orc warrior.
The orc warrior is severely wounded.
The orc hits you but does no damage. The orc warrior barely misses you.
You completely miss the orc warrior.
The orc warrior is severely wounded.
The orc hits you with a +0 dagger.
You die...

#...######.##
###...#.......#..
..o......<.......
...........#.....
.......oo..# ...
.#...#h####.# #
#.. #a{$...# #.
#o####.# # #@#
#o# ......Zo#
#.##.#### #. ).
#. #


You could see an orc warrior, a hound, a worker ant, 4 orcs and an adder zombie.

Vanquished Creatures
  A phantom (D:5)
  A centaur (D:5)
  Blork the orc (D:4)
  5 scorpions
  A hound (D:5)
  2 orc wizards
  3 orc priests (D:5)
  Jessica (D:3)
  A hound skeleton (D:5)
  12 adders
  A shadow imp (D:5)
  An ooze (D:4)
  6 worms
  A dart slug (D:2)
  2 leopard geckos
  12 orcs
  A ball python (D:4)
  4 giant cockroaches
  5 goblins
  3 hobgoblins
  4 jackals
  6 kobolds
  4 quokkas
  12 bats
  6 frilled lizards
  3 rats
  3 fungi (D:5)
102 creatures vanquished.

Vanquished Creatures (others)
  A scorpion (D:5)
  A worker ant (D:5)
  An adder (D:5)
  A fungus (D:5)
4 creatures vanquished.

Grand Total: 106 creatures vanquished

Notes
Turn   | Place    | Note
-------+----------+-------------------------------------------
     0 | D:1      | Mrkan the Troll Monk began the quest for the Orb.
     0 | D:1      | Reached XP level 1. HP: 22/22 MP: 0/0
   176 | D:1      | Reached XP level 2. HP: 29/29 MP: 1/1
   620 | D:2      | Reached skill level 4 in Unarmed Combat
   620 | D:2      | Reached XP level 3. HP: 30/36 MP: 2/2
   897 | D:2      | Reached XP level 4. HP: 41/44 MP: 3/3
   909 | D:2      | Reached skill level 5 in Unarmed Combat
  1735 | D:3      | Noticed Jessica
  1740 | D:3      | Killed Jessica
  1740 | D:3      | Reached XP level 5. HP: 34/50 MP: 4/4
  1984 | D:4      | Reached skill level 6 in Unarmed Combat
  2057 | D:4      | Reached XP level 6. HP: 51/59 MP: 5/5
  2165 | D:4      | Noticed Blork the orc
  2169 | D:4      | Killed Blork the orc
  2169 | D:4      | Reached skill level 7 in Unarmed Combat
  2245 | D:5      | Entered Level 5 of the Dungeon
  2317 | D:5      | Found a radiant altar of Vehumet.
  2430 | D:5      | Reached skill level 8 in Unarmed Combat
  2433 | D:5      | Reached XP level 7. HP: 24/66 MP: 6/6
  2828 | D:5      | Reached skill level 9 in Unarmed Combat
  3505 | D:6      | Slain by an orc

Levels and vault maps discovered:
D:1:      dpeg_arrival_rhombi, layout_basic
D:2:      minmay_spotlight, layout_basic
D:3:      layout_basic, uniq_jessica
D:4:      layout_basic, uniq_blork_the_orc
D:5:      old_forge, layout_basic, lemuel_doored_altar, first_ration,
          lemuel_flamethrower_2
D:6:      layout_loops_cross, kennysheep_slug_shrine,
          minmay_temple_entry_mini_moons, chequers_serial_rivers_large_a

Skill      XL: |  1  2  3  4  5  6  7 |
---------------+----------------------+-----
Unarmed Combat | 4 5 6 8 9 |  9.5
Fighting       | |  2.4
Dodging        | |  2.4
Stealth        | |  1.0

Action                   |  1- 3 |  4- 6 |  7- 9 || total
-------------------------+-------+-------+-------++-------
Melee: Unarmed           |    74 |   123 |    75 ||   272
       Punch             |     2 |     1 |     3 ||     6
 Stab: Sleeping          |     3 |     1 |       ||     4
  Eat: Chunk             |    14 |     9 |    10 ||    33
Armor: Robe              |    45 |    48 |    23 ||   116
Dodge: Dodged            |    39 |    67 |    33 ||   139
